 Dungeon Crawl Stone Soup version 0.24.0-1-gfbc8707122 (webtiles) character file.

Game seed: 8760407476733378223, levelgen mode: deterministic

96 Arixos the Gusty (level 4, 0/28 HPs)
             Began as an Octopode Air Elementalist on Oct 28, 2019.
             Slain by an orc
             ... wielding a +0 falchion
              (4 damage)
             ... on level 3 of the Dungeon.
             The game lasted 00:07:49 (2211 turns).

Arixos the Gusty (Octopode Air Elementalist)        Turns: 2211, Time: 00:07:49

Health: 0/28       AC:  1    Str:  7    XL:     4   Next: 67%
Magic:  0/7        EV: 14    Int: 18    God:
Gold:   154        SH:  0    Dex: 12    Spells: 4/8 levels left

rFire    . . .     SeeInvis .   j - +2 dagger (venom)
rCold    . . .     Gourm    .   (no shield)
rNeg     . . .     Faith    .   (helmet restricted)
rPois    .         Spirit   .   (no amulet)
rElec    .         Reflect  .   (no ring)
rCorr    .         Harm     .   (no ring)
MR       .....                  (no ring)
Stlth    +++.......             (no ring)
HPRegen  0.09/turn              (no ring)
MPRegen  0.10/turn              (no ring)
                                (no ring)
                                (no ring)

@: very slightly contaminated
A: almost no armour, stealthy swim, amphibious, 8 rings, constrict 8, camouflage
1, gelatinous body 1
a: no special abilities


You were on level 3 of the Dungeon.
You were not hungry.

You visited 1 branch of the dungeon, and saw 3 of its levels.

You collected 154 gold pieces.

Inventory:

Hand Weapons
 e - a +0 mace of crushing
 j - a +2 dagger of venom (weapon)
Scrolls
 a - a scroll of teleportation
 h - a scroll of identify {unknown}
Potions
 c - a potion of flight {unknown}
 d - a potion of brilliance {unknown}
 g - a potion of cancellation {unknown}
 i - a potion of invisibility {unknown}
Comestibles
 b - 2 rations
 f - 2 chunks of flesh


   Skills:
 + Level 1.6 Fighting
 + Level 2.7 Dodging
 - Level 2.6 Stealth
 + Level 2.6 Spellcasting
 + Level 2.0 Conjurations
 + Level 3.5 Air Magic


You had 4 spell levels left.
You knew the following spells:

 Your Spells              Type           Power        Failure   Level  Hunger
a - Shock                 Conj/Air       ##..         5%          1    #......
q - Static Discharge      Conj/Air       ##......     16%         3    ###....

Your spell library contained the following spells:

 Spells                   Type           Power        Failure   Level  Hunger
 Swiftness                Chrm/Air       #.......     12%         2    ##.....
 Airstrike                Air            ###.......   36%         4    #####..
 Lightning Bolt           Conj/Air       ##........   83%         5    ######.


Dungeon Overview and Level Annotations

Branches:
Dungeon (3/15)

Altars:
Okawaru
Xom


Innate Abilities, Weirdness & Mutations

You cannot wear most types of armour.
You are very stealthy in the water. (Stealth+)
You are amphibious.
You can wear up to eight rings at the same time.
You can use your tentacles to constrict eight enemies at once.
Your skin changes colour to match your surroundings (Stealth+).
Your rubbery body absorbs attacks. (AC +1, EV +1)


Message History

You hit the orc.
The orc looks even sicker.
Your grab misses the orc.
The orc is heavily wounded.
You constrict the orc priest.
The orc priest calls down the wrath of Beogh upon you.
Pain shoots through your body!
* * * LOW HITPOINT WARNING * * *
The orc completely misses you.
Casting: Shock (safe; 6% risk of failure)
Confirm with . or Enter, or press ? or * to list all spells.
Aiming: Shock (safe; 6% risk of failure)
Press: ? - help, Shift-Dir - straight line, f/p - orc priest
Aim: an orc priest, wielding a +0 short sword and wearing a +0 chain mail (severely wounded, constricted by you, poisoned)
The zap hits the orc priest but does no damage.
The orc priest is severely wounded.
You constrict the orc priest.
You kill the orc priest!
Your Conjurations skill increases to level 2!
An orc comes into view. It is wielding a +0 club.
The orc hits you with a +0 falchion.
You die...

#.# #..##.....##
# ###.#
#..#.......#.##
....#
#..#.......#..
#####
#......_.....#
#..#.......#
#######
#..#.......#
......#
#..##.....## #
.###.##
#..####.####.o.#
.# #.#
##......@)..)...
.# #.#
####..#o#..#...
.# #.# #.##.. .#
## #.# #.. ....
.. #.# #.. ..###
## #.# #. ...#
#.######## ####
####.......######
.......###......#


You could see 2 orcs.

Vanquished Creatures
  An orc priest (D:3)
  2 adders (D:2)
  An ooze (D:2)
  A worm (D:2)
  A dart slug (D:1)
  2 leopard geckos
  4 bats
  3 giant cockroaches
  4 goblins
  5 hobgoblins
  5 kobolds
  2 frilled lizards
  7 rats
38 creatures vanquished.

Notes
Turn   | Place    | Note
-------+----------+-------------------------------------------
     0 | D:1      | Arixos the Octopode Air Elementalist began the quest for
                  | the Orb.
     0 | D:1      | Reached XP level 1. HP: 11/11 MP: 3/3
   315 | D:1      | Reached XP level 2. HP: 18/18 MP: 3/5
  1116 | D:2      | Reached skill level 1 in Fighting
  1116 | D:2      | Reached XP level 3. HP: 23/23 MP: 0/6
  1630 | D:2      | Learned a level 3 spell: Static Discharge
  1707 | D:2      | Found a shimmering altar of Xom.
  1964 | D:3      | Reached XP level 4. HP: 28/28 MP: 2/7
  2189 | D:3      | Found an iron altar of Okawaru.
  2211 | D:3      | Slain by an orc

Levels and vault maps discovered:
D:1:      lightli_arrival_statue_moat, layout_basic
D:2:      layout_loops_ring, marbit_many_paths
D:3:      layout_basic, old_standard_altar, ebering_ghost_disaster_area,
          tso_altar

Skill      XL: |  1  2  3  4 |
---------------+-------------+-----
Fighting       | 1 |  1.6
Conjurations   | 2 |  2.0
Dodging        | |  2.7
Stealth        | |  2.6
Spellcasting   | |  2.6
Air Magic      | |  3.5

Action                   |  1- 3 |  4- 6 || total
-------------------------+-------+-------++-------
Melee: Constrict         |     3 |     1 ||     4
       Unarmed           |     2 |       ||     2
       Whip              |     3 |       ||     3
       Mace              |     2 |       ||     2
       Tentacles         |     1 |     1 ||     2
       Dagger            |       |     7 ||     7
 Cast: Shock             |    58 |    16 ||    74
  Use: Scroll            |     2 |       ||     2
  Eat: Chunk             |     4 |       ||     4
Dodge: Dodged            |     5 |     9 ||    14
